 Dungeon Crawl Stone Soup version 0.29-a0-344-ge2f44be95a (webtiles) character file.

Game seed: 9019095801754813642

7048 Iusername the Spear-Bearer (level 10, -5/135 HPs)
             Began as a Minotaur Fighter on Apr 21, 2022.
             Was a Believer of Dithmenos.
             Slain by a seven-headed hydra (7 damage)
             ... on level 9 of the Dungeon.
             The game lasted 00:24:00 (9593 turns).

Iusername the Spear-Bearer (Minotaur Fighter)       Turns: 9593, Time: 00:24:01

Health: -5/135     AC: 25    Str: 26    XL:     10   Next: 83%
Magic:  9/9        EV:  2    Int:  7    God:    Dithmenos [**....]
Gold:   343        SH:  5    Dex:  9    Spells: 9/9 levels left

rFire   + + .      SeeInvis .   J - +8 trident "Ekuid Tus" {elec, rF++ Will- rCorr Str+2}
rCold   . . .      Faith    .   c - +0 buckler
rNeg    . . .      Spirit   .   (body armour currently unavailable)
rPois   +          Reflect  .   (helmet currently unavailable)
rElec   .          Harm     .   (cloak currently unavailable)
rCorr   +          Rampage  .   (gloves currently unavailable)
Will    .....      NoTele   +   (boots currently unavailable)
Stlth   +++.......              (no amulet)
HPRegen 0.32/turn               i - +4 ring of evasion
MPRegen 0.11/turn               F - ring of willpower

@: tree-form, wreathed by umbra
A: stationary, stasis, torment immunity, boosted hp, (horns 2), (retaliatory
headbutt)
a: Renounce Religion, Shadow Step


You were on level 9 of the Dungeon.
You worshipped Dithmenos.
Dithmenos was pleased with you.
You were a tree.
You visited 2 branches of the dungeon, and saw 10 of its levels.

You collected 343 gold pieces.

Inventory:

Hand Weapons
 d - a +7 quarterstaff of chaos
 f - a +0 hunting sling
 m - a +0 mace of protection
 I - the +7 mace of Resourcefulness {drain, *Slow rElec rC+ Dex+4}
   (You found it on level 6 of the Dungeon)

   A truly terrible weapon, it drains the life of any living foe it strikes.
   Dex:       It affects your dexterity (+4).
   rC:        It protects you from cold.
   rElec:     It insulates you from electricity.
   *Slow:     It may slow you when you take damage.
 J - the +8 trident "Ekuid Tus" (weapon) {elec, rF++ Will- rCorr Str+2}
   (You found it on level 6 of the Dungeon)

   It occasionally discharges a powerful burst of electricity upon striking a
   foe.
   Str:       It affects your strength (+2).
   rF:        It greatly protects you from fire.
   rCorr:     It protects you from acid and corrosion.
   Will:      It decreases your willpower.
Armour
 c - a +0 buckler (worn)
 q - a +2 robe of resistance (melded)
 s - a +1 pair of boots (melded)
 t - a +0 cloak (melded)
 x - a +1 hat (melded)
Jewellery
 i - a +4 ring of evasion (left branch)
 k - a ring of resist corrosion
 p - a ring of see invisible
 F - a ring of willpower (right branch)
Wands
 w - a wand of polymorph (3) (quivered)
 y - a wand of digging (7)
Scrolls
 a - a scroll of brand weapon {unknown}
 b - a scroll of acquirement
 h - 2 scrolls of teleportation
 j - 3 scrolls of identify
 l - 3 scrolls of fear
 o - 2 scrolls of blinking
 v - a scroll of noise {unknown}
 E - a scroll of magic mapping {unknown}
 G - 3 scrolls of immolation
 H - a scroll of fog {unknown}
 N - a scroll of amnesia {unknown}
 O - a scroll of holy word {unknown}
Potions
 e - 3 potions of attraction {unknown}
 g - 3 potions of flight {unknown}
 n - 2 potions of magic {unknown}
 r - 2 potions of invisibility {unknown}
 u - a potion of cancellation
 z - a potion of brilliance {unknown}
 A - 2 potions of curing
 B - 2 potions of heal wounds {unknown}
 C - 2 potions of lignification
 D - a potion of mutation {unknown}
 K - a potion of experience {unknown}
 L - a potion of resistance {unknown}
 M - a potion of degeneration {unknown}


   Skills:
 + Level 8.9 Fighting
 + Level 5.1 Long Blades
 + Level 0.9(5.2) Maces & Flails
 + Level 9.5(10.9) Polearms
 + Level 8.2(10.3) Staves
 + Level 5.1 Armour
 + Level 6.8 Dodging
 + Level 5.1 Stealth
 + Level 6.0 Shields
 + Level 2.0 Evocations


You had 9 spell levels left.
You didn't know any spells.
Your spell library contained the following spells:

 Spells                   Type           Power      Damage    Failure   Level
 Apportation              Tloc           0%         N/A       52%         1
 Conjure Flame            Conj/Fire      0%         6-21      87%         3
 Ignite Poison            Fire/Tmut/Pois 0%         N/A       87%         3
 Tukima's Dance           Hex            0%         N/A       87%         3
 Anguish                  Hex/Necr       0%         N/A       99%         4
 Hailstorm                Conj/Ice       0%         3d3       99%         4
 Sticky Flame             Conj/Fire      0%         2d3       99%         4
 Alistair's Intoxication  Tmut/Pois      0%         N/A       100%        5
 Conjure Ball Lightning   Conj/Air       0%         3x3d6     100%        6
 Enfeeble                 Hex            0%         N/A       100%        7
 Discord                  Hex            0%         N/A       100%        8
 Disjunction              Tloc           0%         N/A       100%        8
 Lehudib's Crystal Spear  Conj/Erth      0%         10d2      100%        8


Dungeon Overview and Level Annotations

Branches:
Dungeon (9/15)             Temple (1/1) D:5
   Lair: D:8-11         Orc: D:9-12

Altars:
Ashenzari
Cheibriados
Dithmenos
Elyvilon
Fedhas
Gozag
Hepliaklqana
Kikubaaqudgha
Makhleb
Nemelex Xobeh
Okawaru
Qazlal
Ru
Sif Muna
Trog
Uskayaw
Vehumet
Wu Jian
Xom
Yredelemnul
Zin
The Shining One

Shops:
D:4 =

Portals:
Bailey: D:9


Innate Abilities, Weirdness & Mutations

You are a tree.
Your roots penetrate the ground, keeping you stationary.
You cannot be teleported.
You are immune to unholy pain and torment.
Your maximum health is greatly increased.
Your equipment is partially melded.
((You have a pair of horns on your head.))
((You reflexively headbutt those who attack you in melee.))


Message History

The seven-headed hydra misses you. x2
The seven-headed hydra closely misses you.
The cyan ugly thing is engulfed in blazing flames.
The fire crab bites you!
* * * LOW HITPOINT WARNING * * *
You are engulfed in flames.
You resist.
* * * LOW HITPOINT WARNING * * *
The fire crab misses you.
The centaur warrior is engulfed in blazing flames.
You see here a +0 pair of boots.
It was a potion of lignification.
You turn into a tree.
Your +0 cloak melds into your body.
Your +1 hat melds into your body.
Your +1 pair of boots melds into your body.
Your +2 robe of resistance melds into your body.
You feel hot and cold all over.
Your roots penetrate the ground.
The troll bites you but does no damage. You block the troll's attack.
The troll claws you.
* * * LOW HITPOINT WARNING * * *
The cyan ugly thing is engulfed in blazing flames.
The seven-headed hydra bites you but does no damage. x4
The seven-headed hydra bites you.
* * * LOW HITPOINT WARNING * * *
You block the seven-headed hydra's attack.
The seven-headed hydra bites you.
* * * LOW HITPOINT WARNING * * *
You puncture the seven-headed hydra!
The seven-headed hydra is heavily wounded.
The fire crab changes into a guardian serpent!
The troll bites you but does no damage. The troll claws you but does no damage.
The troll claws you!
* * * LOW HITPOINT WARNING * * *
You puncture the seven-headed hydra!
The seven-headed hydra is severely wounded.
You hear an angry buzzing noise.
The seven-headed hydra bites you.
* * * LOW HITPOINT WARNING * * *
You block the seven-headed hydra's attack.
The seven-headed hydra bites you but does no damage.
The seven-headed hydra bites you!
You die...

.... .# #... ..#
#... ..# ... ..#
.####y####..#
......°....#
..###.uR...#
....c○TDS##
#######♣.# #....#
#..# #....# +..#
#....# #..# #....#
#..# #....# #..#
#....#######..#
#####.............#
#.................##


You could see a seven-headed hydra, a cyan ugly thing, a centaur warrior, a
guardian serpent shaped shifter, a troll, an efreet and a vampire mosquito.

Vanquished Creatures
  Harold (D:9)
  2 two-headed ogres
  A centaur warrior (D:8)
  A hornet (D:8)
  Grinder (D:6)
  Sigmund (D:2)
  A wyvern (D:9)
  Eustachio (D:4)
  A steam dragon (D:6)
  The ghost of Dordric the Cudgeller, an amateur DsBe of Trog (D:3)
  6 yaks (D:8)
  Menkaure (D:7)
  3 orc warriors
  An ice beast (D:5)
  A black bear (D:7)
  A swamp drake (D:6)
  A centaur (D:8)
  A kobold brigand (D:7)
  Blork the orc (D:4)
  A bullfrog (D:8)
  3 scorpions
  5 wights (D:8)
  4 killer bees (D:8)
  3 howler monkeys (D:9)
  An electric eel (D:6)
  3 jellies
  3 orc priests
  5 hounds
  Crazy Yiuf (D:2)
  4 iguanas
  Terence (D:3)
  Natasha (thrice) (D:3)
  7 orc wizards
  Robin (D:2)
  9 gnolls
  A river rat (D:6)
  8 adders
  A shadow imp (D:7)
  2 worms
  3 dart slugs
  45 orcs
  10 ball pythons
  6 bats
  9 endoplasms
  3 giant cockroaches
  19 goblins
  12 hobgoblins
  4 jackals (D:4)
  5 quokkas
  6 frilled lizards
  13 kobolds
  4 rats
232 creatures vanquished.

Vanquished Creatures (others)
  An adder (D:6)
  A shadow imp (D:6)
  13 plants (D:6)
15 creatures vanquished.

Grand Total: 247 creatures vanquished

Notes
Turn   | Place    | Note
-------+----------+-------------------------------------------
     0 | D:1      | Iusername the Minotaur Fighter began the quest for the Orb.
     0 | D:1      | Reached XP level 1. HP: 19/19 MP: 0/0
   282 | D:1      | Reached XP level 2. HP: 24/27 MP: 1/1
   526 | D:1      | Found a faded altar of an unknown god.
   657 | D:1      | Reached XP level 3. HP: 33/33 MP: 2/2
   864 | D:2      | Noticed Robin
   875 | D:2      | Killed Robin
   876 | D:2      | Reached XP level 4. HP: 24/40 MP: 3/3
  1081 | D:2      | Noticed Sigmund
  1088 | D:2      | Killed Sigmund
  1089 | D:2      | Reached skill level 5 in Armour
  1089 | D:2      | Reached skill level 1 in Dodging
  1089 | D:2      | Reached XP level 5. HP: 37/47 MP: 4/4
  1515 | D:2      | Found a runed translucent door.
  1516 | D:2      | Noticed Crazy Yiuf
  1522 | D:2      | Killed Crazy Yiuf
  1523 | D:2      | Reached XP level 6. HP: 26/53 MP: 5/5
  1975 | D:3      | Reached skill level 5 in Long Blades
  2058 | D:3      | Noticed Terence
  2065 | D:3      | Killed Terence
  2066 | D:3      | Reached skill level 1 in Polearms
  2296 | D:3      | Noticed Natasha
  2303 | D:3      | Killed Natasha
  2344 | D:3      | Noticed Natasha
  2348 | D:3      | Killed Natasha
  2383 | D:3      | Noticed Natasha
  2388 | D:3      | Killed Natasha
  2389 | D:3      | Reached skill level 1 in Staves
  2635 | D:3      | Found a runed translucent gate.
  2635 | D:3      | Found a runed translucent gate.
  2635 | D:3      | Found a runed translucent gate.
  2640 | D:3      | Noticed Dordric's ghost (amateur DsBe)
  2648 | D:3      | Killed Dordric's ghost
  2649 | D:3      | Reached skill level 5 in Fighting
  2649 | D:3      | Reached skill level 2 in Polearms
  2649 | D:3      | Reached XP level 7. HP: 55/61 MP: 6/6
  2825 | D:3      | Found a shimmering blue altar of Sif Muna.
  2894 | D:3      | Reached skill level 1 in Stealth
  3531 | D:4      | Noticed Eustachio
  3534 | D:4      | Killed Eustachio
  3547 | D:4      | Noticed Blork the orc
  3555 | D:4      | Killed Blork the orc
  3701 | D:4      | Found Afocopeo's Jewellery Shop.
  3795 | D:4      | Reached skill level 5 in Staves
  3953 | D:4      | Reached skill level 1 in Evocations
  4348 | D:5      | Entered Level 5 of the Dungeon
  4359 | D:5      | Reached XP level 8. HP: 70/70 MP: 7/7
  4626 | D:5      | Found a staircase to the Ecumenical Temple.
  4684 | Temple   | Entered the Ecumenical Temple
  4750 | Temple   | Became a worshipper of Dithmenos the Shadowed
  5426 | D:6      | Noticed Grinder
  5434 | D:6      | Killed Grinder
  5490 | D:6      | Identified the +7 mace of Resourcefulness {drain, *Slow
                  | rElec rC+ Dex+4}
  5495 | D:6      | Identified the +8 trident "Ekuid Tus" {elec, rF++ Will-
                  | rCorr Str+2}
  6047 | D:6      | Reached * piety under Dithmenos
  6051 | D:6      | Reached XP level 9. HP: 78/78 MP: 8/8
  6282 | D:6      | Identified a scroll of acquirement
  6330 | D:6      | Reached skill level 3 in Polearms
  6679 | D:7      | Noticed a two-headed ogre
  6687 | D:7      | Killed a two-headed ogre
  6688 | D:7      | Reached skill level 5 in Polearms
  6691 | D:7      | Noticed Menkaure
  6706 | D:7      | Killed Menkaure
  6707 | D:7      | Reached skill level 5 in Dodging
  7306 | D:7      | Reached skill level 6 in Polearms
  7605 | D:8      | Reached ** piety under Dithmenos
  7608 | D:8      | Reached skill level 5 in Shields
  8375 | D:8      | Noticed a centaur warrior
  8383 | D:8      | Killed a centaur warrior
  8384 | D:8      | Reached skill level 7 in Polearms
  8384 | D:8      | Reached XP level 10. HP: 70/88 MP: 9/9
  8475 | D:8      | Noticed a two-headed ogre
  8482 | D:8      | Killed a two-headed ogre
  8608 | D:8      | Got the Collected Works on Conjuration
  8675 | D:8      | Reached skill level 8 in Polearms
  9462 | D:9      | Reached skill level 9 in Polearms
  9485 | D:9      | Found a flagged portal.
  9574 | D:9      | Noticed a salamander
  9574 | D:9      | Noticed Harold
  9576 | D:9      | Noticed a centaur warrior
  9580 | D:9      | Noticed a cane toad
  9580 | D:9      | a salamander changed into a cane toad
  9583 | D:9      | Killed Harold
  9583 | D:9      | Noticed a seven-headed hydra
  9584 | D:9      | Reached skill level 5 in Stealth
  9584 | D:9      | a cane toad changed into a shapeshifter
  9586 | D:9      | Noticed a fire crab
  9586 | D:9      | a shapeshifter changed into a fire crab
  9587 | D:9      | Noticed a centaur warrior
  9588 | D:9      | Noticed a cyan ugly thing
  9592 | D:9      | Noticed a guardian serpent
  9592 | D:9      | a fire crab changed into a guardian serpent
  9592 | D:9      | HP: 2/135 [troll (7)]
  9593 | D:9      | Slain by a seven-headed hydra

Illustrated notes

Levels and vault maps discovered:
D:1:      psy_arrival_dodecagon, layout_loops_ring,
          ebering_ecumenical_altar_sacrificial, minmay_tetromino_l2
D:2:      layout_loops_ring, uniq_sigmund, uniq_crazy_yiuf_cottage, uniq_robin
D:3:      layout_loops_corners, lemuel_tele_altar, ebering_ghost_rock_garden,
          kennysheep_generic_room_3, uniq_natasha, uniq_terence
D:4:      layout_loops_cross, serial_shops, shop, uniq_eustachio,
          uniq_blork_the_orc
D:5:      layout_cave_pods, minmay_temple_entry_glass, minmay_stone_trees_small
D:6:      layout_basic, serial_bayou, serial_bayou_pond_a, serial_bayou_pond_d,
          serial_bayou_pond_e, serial_bayou_lake_a, uniq_grinder
D:7:      layout_rooms, uniq_menkaure
D:8:      layout_cave_pods
D:9:      layout_irregular_city, enter_bailey_3, serial_column_ruins,
          column_ruins_columns_straight, column_ruins_grid_1,
          column_ruins_open_tiny, column_ruins_grid_1,
          column_ruins_columns_straight, minmay_misc_feat_tower, minivault_28,
          uniq_harold
Temple:   dpeg_three_leaves_temple

Skill      XL: |  1  2  3  4  5  6  7  8  9 10 |
---------------+-------------------------------+-----
Armour         | 4 5 |  5.1
Fighting       | 4 5 6 7 8 |  8.9
Long Blades    | 3 4 5 |  5.1
Shields        | 4 5 6 |  6.0
Dodging        | 1 2 3 4 5 6 |  6.8
Polearms       | 2 7 9 |  9.5
Staves         | 2 5 7 8 |  8.2
Stealth        | 1 2 4 5 |  5.1
Evocations     | 1 2 |  2.0
Maces & Flails | |  0.9

Action                   |  1- 3 |  4- 6 |  7- 9 | 10-12 || total
-------------------------+-------+-------+-------+-------++-------
Melee: Long sword        |    95 |    12 |       |       ||   107
       Headbutt          |     3 |    16 |    33 |     9 ||    61
       Mace              |       |     4 |       |       ||     4
       Scythe            |       |    28 |       |       ||    28
       Quarterstaff      |       |    44 |   118 |       ||   162
       Trident           |       |       |   133 |    70 ||   203
Evoke: Wand              |       |     4 |    11 |     3 ||    18
  Use: Potion            |       |     2 |     3 |     1 ||     6
       Scroll            |       |       |     9 |       ||     9
 Stab: Sleeping          |       |       |     4 |     3 ||     7
       Distracted        |       |       |     1 |       ||     1
       Paralysed         |       |       |     1 |       ||     1
Armor: Scale mail        |    53 |     6 |       |       ||    59
       Robe              |       |    22 |    54 |     7 ||    83
       Skin              |       |       |       |     8 ||     8
Dodge: Dodged            |    57 |    78 |   185 |    49 ||   369
Block: Buckler           |    25 |     5 |    17 |    20 ||    67

Table legend: (Time is in decaauts)
 A = Elapsed time spent in this place.
 B = Non-inter-level travel time spent in this place.
 C = Inter-level travel time spent in this place.
 D = Time resting spent in this place.
 E = Time spent auto-exploring this place.
 F = Levels seen in this place.
 G = Mean time per level.
                   A        B        C        D        E       F      G
               +--------+--------+--------+--------+--------+-----+--------+
         Total |   9674 |   9357 |    317 |   2092 |   5673 |  10 |  967.4 |
       Dungeon |   9603 |   9286 |    317 |   2092 |   5663 |   9 | 1067.0 |
        Temple |     70 |     70 |      0 |      0 |     10 |   1 |   70.0 |
               +--------+--------+--------+--------+--------+-----+--------+

Top non-repeatable levels by time:
     D:8: 1744 daAuts
     D:3: 1584 daAuts
     D:6: 1353 daAuts
     D:2: 1193 daAuts
     D:5: 928 daAuts
     D:7: 922 daAuts
     D:1: 826 daAuts
     D:4: 818 daAuts
     D:9: 232 daAuts
  Temple: 70 daAuts
